 Dungeon Sprint DCSS version 0.18.1-5-g4a78601 (webtiles) character file.

68 IcyTea the Slasher (level 4, 35/35 HPs)
             Began as a Demonspawn Berserker on May 14, 2016.
             Was a Priest of Trog.
             Quit the game in the Dungeon (Sprint IX: "|||||||||||||||||||||||||||||").
             The game lasted 00:01:17 (210 turns).

IcyTea the Slasher (Demonspawn Berserker)            Turns: 210, Time: 00:01:18

Health: 35/35      AC:  2    Str: 18    XL:     4   Next: 1%
Magic:  4/4        EV: 12    Int:  9    God:    Trog [***...]
Gold:   0          SH:  0    Dex: 12    Spells: 0 memorised, 3 levels left

rFire  . . .     SeeInvis .     a - +0 falchion
rCold  . . .     Gourm    .     b - +0 animal skin
rNeg   . . .     Faith    .     (no shield)
rPois  .         Spirit   .     (helmet restricted)
rElec  .         Dismiss  .     (no cloak)
rCorr  .         Reflect  .     (no gloves)
SustAt .         Harm     .     (no boots)
MR     ++...     NoTele   +     (no amulet)
Stlth  +.........               (no ring)
                                (no ring)

@: regenerating, very resistant to hostile enchantments, very unstealthy
A: horns 1
a: Berserk, Trog's Hand, Burn Spellbooks, Renounce Religion


You were in the Dungeon.
You worshipped Trog.
Trog was most pleased with you.
You were not hungry.

You visited 1 branch

Inventory:

Hand Weapons
 a - a +0 falchion (weapon)
Armour
 b - a +0 animal skin (worn)
Wands
 l - a wand of iceblast (7/15)
Scrolls
 i - 2 scrolls of blinking
 k - 3 scrolls of remove curse
Potions
 d - 5 potions of curing
 e - 3 potions of heal wounds
 f - a potion of haste
 g - 4 potions of magic
 h - a potion of berserk rage
 j - a potion of invisibility
Comestibles
 c - a bread ration


   Skills:
 - Level 3.0 Fighting
 + Level 7.7 Long Blades
 - Level 1.7 Armour
 - Level 1.7 Dodging


You had 3 spell levels left.
You didn't know any spells.

Dungeon Overview and Level Annotations

Branches:
Dungeon (1/1)

Altars:
Cheibriados
Dithmenos
Elyvilon
Fedhas
Gozag
Kikubaaqudgha
Makhleb
Nemelex Xobeh
Okawaru
Pakellas
Qazlal
Ru
Sif Muna
Trog
Vehumet
Xom
Yredelemnul
Zin
The Shining One
Beogh
Jiyva
Lugonu


Innate Abilities, Weirdness & Mutations

You have a pair of small horns on your head.


Message History

Your skin crawls.
You feel resistant to hostile enchantments.
You feel slightly more hungry.
You can no longer call in reinforcements.
You open the door.
Found six items.
Found a +2 ring mail.
There is an open door here.
Found a +3 ring of strength.
g - 4 potions of magic (gained 2);
j - a potion of invisibility
e - 3 potions of heal wounds (gained 2);
d - 5 potions of curing (gained 4)
Found a +2 ring of evasion.
k - 3 scrolls of remove curse;
i - 2 scrolls of blinking (gained 1)
You see here 2 scrolls of amnesia.
l - a wand of iceblast (7/15)
You see here an uncursed staff of energy.
You feel the effects of Trog's Hand fading.
Items here: ))))))
Okay, then.
Are you sure you want to abandon this character and quit the game? (Confirm with "yes".)

▓+▓
▓=▓
▓=▓
▓[▓
▓[▓
▓[▓
▓@▓
▓|▓
▓?▓
▓.▓
▓'▓
▓_▓
▓_▓
▓_▓
▓_▓


There were no monsters in sight!

Vanquished Creatures
  A hound (D)
  A worker ant (D)
  A shadow imp (D)
  A giant cockroach (D)
  2 goblins (D)
  A hobgoblin (D)
  A jackal (D)
  A giant newt (D)
  A rat (D)
10 creatures vanquished.

Notes
Turn   | Place    | Note
--------------------------------------------------------------
     0 | D        | IcyTea the Demonspawn Berserker began the quest for the Orb.
     0 | D        | Reached XP level 1. HP: 18/18 MP: 1/1
     6 | D        | Reached skill level 3 in Long Blades
     9 | D        | Reached ** piety under Trog
    15 | D        | Reached skill level 4 in Long Blades
   120 | D        | Noticed a hound
   120 | D        | Noticed a worker ant
   123 | D        | Reached *** piety under Trog
   131 | D        | Reached skill level 5 in Long Blades
   131 | D        | Gained mutation: You have a pair of small horns on your head. [demonic ancestry]
   131 | D        | Reached XP level 2. HP: 13/24 MP: 2/2
   133 | D        | Reached skill level 6 in Long Blades
   133 | D        | Reached XP level 3. HP: 17/29 MP: 3/3
   136 | D        | Reached skill level 7 in Long Blades
   136 | D        | Reached XP level 4. HP: 19/35 MP: 4/4
   139 | D        | Reached **** piety under Trog
   176 | D        | Found a glowing silver altar of Zin.
   176 | D        | Found a glowing golden altar of the Shining One.
   176 | D        | Found an ancient bone altar of Kikubaaqudgha.
   176 | D        | Found a basalt altar of Yredelemnul.
   176 | D        | Found a shimmering altar of Xom.
   176 | D        | Found a radiant altar of Vehumet.
   177 | D        | Found an iron altar of Okawaru.
   178 | D        | Found a burning altar of Makhleb.
   179 | D        | Found a deep blue altar of Sif Muna.
   180 | D        | Found a bloodstained altar of Trog.
   181 | D        | Found a sparkling altar of Nemelex Xobeh.
   182 | D        | Found a white marble altar of Elyvilon.
   183 | D        | Found a roughly hewn altar of Beogh.
   184 | D        | Found a viscous altar of Jiyva.
   185 | D        | Found a corrupted altar of Lugonu.
   186 | D        | Found a blossoming altar of Fedhas.
   187 | D        | Found a snail-covered altar of Cheibriados.
   188 | D        | Found a shadowy altar of Dithmenos.
   189 | D        | Found a stormy altar of Qazlal.
   190 | D        | Found an opulent altar of Gozag.
   191 | D        | Found a sacrificial altar of Ru.
   192 | D        | Found an oddly glowing altar of Pakellas.
   210 | D        | Quit the game

Skill      XL: |  1  2  3 |
---------------+----------+-----
Long Blades    | 5 6 7 |  7.7
Fighting       | |  3.0
Armour         | |  1.7
Dodging        | |  1.7

Action                   |  1- 3 |  4- 6 || total
-------------------------+-------+-------++-------
Melee: Falchion          |    26 |     3 ||    29
Invok: Trog's Hand       |     1 |     2 ||     3
       Berserk           |     1 |       ||     1
 Stab: Sleeping          |     1 |       ||     1
Armor: Animal skin       |     2 |     1 ||     3
Dodge: Dodged            |    14 |       ||    14
